Map: Emerald City LE

Players

TheViRuS

  • Race: Terran Terran
  • League: Master
  • Spawn Location: 5:00

taktic

  • Race: Protoss Protoss
  • League: Master
  • Spawn Location: 5:00

Sam - Winner!

  • Race: Zerg Zerg
  • Spawn Location: 11:00

AIphaStar - Winner!

  • Race: Terran Terran
  • Spawn Location: 11:00

VOD

Have the link to the VOD?

Description

Time

  • Played on: Nov. 12, 2020, 5:29 p.m.
  • Length: 5:40
Show
View Real Time Build Order
Export as new Build Order

TheViRuS Terran 

Build Orders: 2 Factory, Hellion Opening 

Get SALT Encoding   

  12  0:00  SCV  
  13  0:12  SCV  
  14  0:17  Supply Depot  
  14  0:24  SCV  
  15  0:30  Refinery  
  15  0:39  SCV  
  16  0:46  Barracks  
  16  0:51  SCV  
  17  0:57  Refinery  
  17  1:03  SCV  
  18  1:15  SCV  
  19  1:33  Orbital Command  
  19  1:35  Factory  
  19  1:37  Barracks Reactor  
  19  1:52  Supply Depot  
  19  2:00  Factory  
  19  2:02  SCV  
  20  2:14  SCV  
  21  2:24  Barracks Tech Lab  
  21  2:30  Hellion  
  21  2:32  SCV  
  24  2:43  Armory  
  24  2:44  SCV  
  24  2:51  Infernal Pre-Igniter  
  25  2:54  Factory Reactor  
  25  2:56  Hellion  
  27  3:02  SCV  
  27  3:04  Supply Depot  
  28  3:17  Hellion  
  30  3:24  Engineering Bay  
  30  3:25  Supply Depot  
  30  3:31  Hellion x2  
  34  3:38  Hellion  
  36  3:53  Hellion x2  
  40  4:00  Hellion  
  32  4:14  Hellion x2  
  27  4:20  SCV  
  27  4:21  Hellion  
  10  4:51  Hellion  
  12  5:02  SCV  
  13  5:14  SCV  
  12  5:26  SCV  
Show
View Real Time Build Order
Export as new Build Order

taktic Protoss 

Build Orders:  

Get SALT Encoding   

  12  0:00  Probe  
  13  0:12  Probe  
  14  0:24  Pylon, Probe  
  16  0:42  Probe (Chrono Boost)  
  16  0:44  Gateway  
  16  0:53  Probe (Chrono Boost)  
  16  0:56  Assimilator  
  17  0:58  Probe (Chrono Boost)  
  17  1:02  Assimilator  
  18  1:09  Probe  
  19  1:21  Probe  
  20  1:33  Probe, Cybernetics Core  
  20  1:39  Pylon  
  21  1:45  Probe  
  22  2:00  Nexus  
  22  2:07  Adept (Chrono Boost)  
  22  2:13  Probe (Chrono Boost)  
  24  2:20  Assimilator  
  24  2:26  Stargate  
  25  2:34  Probe (Chrono Boost)  
  25  2:43  Probe  
  26  2:55  Probe  
  27  3:03  Void Ray (Chrono Boost), Stargate  
  27  3:08  Probe  
  32  3:33  Void Ray  
  30  3:37  Forge  
  30  3:39  Probe  
  30  3:40  Pylon  
  32  3:43  Void Ray  
  31  3:53  Probe  
  36  3:56  Probe  
  37  4:10  Void Ray  
  35  4:25  Void Ray  
  22  4:37  Probe  
Show
View Real Time Build Order
Export as new Build Order

Sam Zerg - Winner!

Build Orders: Hatch First 

Get SALT Encoding   

  12  0:09  Drone  
  12  0:13  Overlord  
  13  0:17  Drone  
  14  0:31  Drone  
  14  0:33  Drone  
  16  0:41  Drone  
  17  0:54  Hatchery  
  17  0:56  Drone  
  17  1:04  Drone  
  17  1:05  Extractor  
  17  1:16  Spawning Pool  
  16  1:21  Drone  
  17  1:30  Drone  
  18  1:37  Drone  
  19  1:51  Overlord  
  19  1:59  Drone  
  20  2:02  Queen  
  20  2:07  Metabolic Boost  
  22  2:09  Queen  
  22  2:11  Zergling x2  
  25  2:18  Drone  
  25  2:19  Zergling x4  
  28  2:27  Zergling x2  
  29  2:34  Zergling x2  
  30  2:44  Zergling x2  
  30  2:45  Hatchery  
  30  2:49  Zergling x4  
  32  2:57  Overlord  
  32  3:15  Zergling x2  
  32  3:16  Zergling x12  
  39  3:22  Zergling x6  
  41  3:39  Drone x3  
  41  3:40  Overlord  
  43  3:54  Drone  
  43  3:55  Overlord  
  43  3:58  Drone x4  
  43  3:59  Drone x2  
  47  4:11  Drone x2  
  49  4:22  Zergling x4  
  44  4:32  Drone x2  
  43  4:42  Queen x2  
  43  4:44  Queen  
  46  4:45  Drone x3  
  46  4:46  Drone x2  
  50  4:58  Spine Crawler  
  48  5:00  Spine Crawler  
  48  5:05  Spine Crawler  
  48  5:07  Evolution Chamber  
  45  5:08  Spore Crawler, Zergling x2  
  45  5:09  Zergling x6  
Show
View Real Time Build Order
Export as new Build Order

AIphaStar Terran - Winner!

Build Orders: Liberator Opening 

Get SALT Encoding   

  12  0:00  SCV  
  13  0:13  SCV  
  14  0:17  Supply Depot  
  14  0:26  SCV  
  15  0:31  Refinery  
  15  0:39  SCV  
  16  0:45  Barracks  
  16  0:51  SCV  
  17  1:03  SCV  
  18  1:15  SCV  
  19  1:32  Marine, Orbital Command  
  20  1:47  Command Center  
  20  1:59  Factory  
  20  2:06  Barracks Reactor  
  20  2:08  SCV  
  21  2:22  Supply Depot  
  22  2:23  Engineering Bay  
  22  2:27  SCV  
  22  2:34  Refinery  
  22  2:39  SCV  
  23  2:46  Starport  
  23  2:50  Missile Turret  
  23  2:55  Hellion  
  24  2:59  Hellion  
  24  3:01  SCV  
  27  3:07  Orbital Command  
  27  3:10  Barracks Tech Lab  
  27  3:13  SCV  
  31  3:27  Hellion x2  
  31  3:35  Liberator  
  35  3:41  SCV x2  
  36  3:51  Hellion x2  
  40  3:59  SCV x2  
  42  4:11  SCV x2  
  44  4:21  Viking  
  44  4:23  SCV x2  
  44  4:25  Supply Depot  
  40  4:32  Marine x2, Cyclone  
  40  4:36  Engineering Bay  
  45  4:45  SCV  
  45  4:46  SCV  
  45  4:49  Bunker  
  45  4:50  Marine x2  
  45  4:52  Viking  
  51  4:58  SCV x2  
  53  5:06  Missile Turret  
  53  5:07  Bunker  
  53  5:11  Missile Turret  
  53  5:12  Marine  
  54  5:14  Marine  
  54  5:15  SCV x2  
  54  5:27  SCV  
  54  5:28  SCV  
Tags
 
Add a new tag
Caveats
  • Supply blocks, unpowered buildings, or Contaminate may cause inaccurate times.
  • Supply counts are checked every 10 seconds.